 Dungeon Crawl Stone Soup version 0.24.0-5-g267a8d59f4 (webtiles) character file.

Game seed: 5106962842007393579, levelgen mode: deterministic

27587 Esekla the Spear-Bearer (level 13, -3/95 HPs)
             Began as a Demonspawn Enchanter on Nov 1, 2019.
             Was a Believer of Uskayaw.
             Slain by a sun demon (7 damage)
             ... in a volcano.
             The game lasted 02:45:04 (16590 turns).

Esekla the Spear-Bearer (Demonspawn Enchanter)     Turns: 16590, Time: 02:45:04

Health: -3/95      AC: 22    Str:  9    XL:     13   Next: 5%
Magic:  15/23      EV: 14    Int: 20    God:    Uskayaw [**....]
Gold:   1420       SH:  3    Dex: 15    Spells: 2/25 levels left

rFire    + . .     SeeInvis +   f - +3 battleaxe (freeze)
rCold    . . .     Gourm    .   (shield currently unavailable)
rNeg     + . .     Faith    .   L - +4 troll leather armour
rPois    +         Spirit   .   W - +2 hat
rElec    .         Reflect  +   A - +0 cloak
rCorr    .         Harm     .   E - +0 pair of gloves
MR       +....     Clarity  +   (no boots)
Stlth    ++........             Q - amulet of Qoiggoonk {Reflect *Slow rN+ MR+ SH+3 SInv}
HPRegen  1.65/turn              o - +3 ring of protection
MPRegen  0.18/turn              m - ring of poison resistance

@: sanguine armour, lightly drained
A: antennae 2, hooves 1, clarity, demonic guardian 2, fire resistance 1, powered
by death 3, sanguine armour 1
a: Stomp, Line Pass, Renounce Religion


You were in a volcano.
You worshipped Uskayaw.
Uskayaw was noncommittal.
You were not hungry.

You visited 4 branches of the dungeon, and saw 19 of its levels.
You also visited: Ossuary and Volcano.

You collected 1649 gold pieces.
You spent 229 gold pieces at shops.

Inventory:

Hand Weapons
 e - a +1 battleaxe of electrocution
 f - a +3 battleaxe of freezing (weapon)
 k - a +4 war axe
 s - a +4 dagger of venom
 t - a +2 trident of flaming
 v - a +2 vampiric war axe
 X - the +8 hand axe of Embarrassment {venom, rC- MR++ Str+4 Stlth+}
   (You found it on level 2 of the Lair of Beasts)

   It poisons the flesh of those it strikes.
   It affects your strength (+4).
   It makes you vulnerable to cold.
   It affects your resistance to hostile enchantments.
   It makes you more stealthy.
Missiles
 c - 114 poisoned darts (quivered)
 w - 9 boomerangs
Armour
 p - a +0 buckler
 A - a +0 cloak (worn)
 E - a +0 pair of gloves (worn)
 L - a +4 troll leather armour (worn)
 W - a +2 hat (worn)
Jewellery
 m - a ring of poison resistance (right hand)
 n - an uncursed ring of wizardry
 o - a +3 ring of protection (left hand)
 q - an uncursed ring of magical power
 y - an uncursed ring of stealth
 z - an uncursed amulet of regeneration
 M - an uncursed amulet of faith
 Q - the amulet of Qoiggoonk (around neck) {Reflect *Slow rN+ MR+ SH+3 SInv}
   (You found it on level 10 of the Dungeon)

   [amulet of reflection]

   It shields you and reflects attacks.
   It protects you from negative energy.
   It affects your resistance to hostile enchantments.
   It lets you see invisible.
   It may slow you when you take damage.
   It affects your SH (+3).
Wands
 b - a wand of flame (21)
 l - a wand of paralysis (27)
 B - a wand of digging (6)
 H - a wand of acid (4)
 I - a wand of iceblast (23)
 O - a wand of disintegration (17)
Scrolls
 j - 8 scrolls of identify
 K - 8 scrolls of teleportation
 R - 12 scrolls of remove curse
 U - a scroll of enchant armour
Potions
 a - 5 potions of cancellation
 g - 11 potions of curing
 i - 3 potions of magic
 r - 2 potions of might
 u - 4 potions of agility
 C - 4 potions of flight
 G - 2 potions of brilliance
 T - a potion of haste
 V - a potion of ambrosia
 Y - a potion of resistance
Comestibles
 d - 33 rations


   Skills:
 + Level 6.7(6.6) Fighting
 + Level 3.1 Short Blades
   Level 0.1(1.8) Long Blades
 * Level 8.6(10.1) Axes
 - Level 8.9(10.3) Polearms
 + Level 5.3(5.2) Armour
 + Level 5.5(5.4) Dodging
 - Level 2.6 Stealth
 * Level 2.8(2.7) Shields
 * Level 6.7(6.6) Spellcasting
 + Level 4.0(3.9) Conjurations
 + Level 3.8(3.7) Hexes
 * Level 6.8(6.7) Summonings
 * Level 5.9(5.8) Air Magic
 * Level 4.4(4.3) Poison Magic


You had 2 spell levels left.
You knew the following spells:

 Your Spells              Type           Power        Failure   Level  Hunger
a - Corona                Hex            ###....      2%          1    None
b - Tukima's Dance        Hex            ###.....     9%          3    #......
c - Mephitic Cloud        Conj/Pois/Air  ####....     5%          3    #......
d - Dazzling Spray        Conj/Hex       ###...       9%          3    #......
g - Regeneration          Chrm/Necr      #.........   36%         3    #......
l - Summon Lightning Spi  Summ/Air       ####....     10%         4    ###....
v - Poisonous Vapours     Pois/Air       ####..       2%          2    None
x - Olgreb's Toxic Radia  Pois           ###.....     22%         4    ###....

Your spell library contained the following spells:

 Spells                   Type           Power        Failure   Level  Hunger
 Summon Small Mammal      Summ           ####         1%          1    None
 Call Imp                 Summ           ####....     1%          2    None
 Confusing Touch          Hex            ###...       2%          1    None
 Sting                    Conj/Pois      ###.         2%          1    None
 Ensorcelled Hibernation  Hex/Ice        ##....       9%          2    None
 Animate Skeleton         Necr           N/A          13%         1    None
 Pain                     Necr           #...         13%         1    None
 Call Canine Familiar     Summ           ####....     2%          3    #......
 Summon Guardian Golem    Hex/Summ       ####....     4%          3    #......
 Static Discharge         Conj/Air       ####....     5%          3    #......
 Confuse                  Hex            ###.....     9%          3    #......
 Conjure Flame            Conj/Fire      ##......     17%         3    #......
 Summon Ice Beast         Ice/Summ       ###.....     32%         4    ###....
 Gell's Gravitas          Tloc           #.........   36%         3    #......
 Vampiric Draining        Necr           #.........   36%         3    #......
 Venom Bolt               Conj/Pois      ###.......   54%         5    #####..
 Animate Dead             Necr           N/A          78%         4    ###....
 Petrify                  Tmut/Erth      #.......     78%         4    ###....
 Iskenderun's Battlesphe  Conj/Chrm      ##......     85%         5    #####..
 Metabolic Englaciation   Hex/Ice        ##........   86%         5    #####..
 Yara's Violent Unravell  Hex/Tmut       ##........   86%         5    #####..
 Bolt of Magma            Conj/Fire/Erth ##........   91%         5    #####..
 Freezing Cloud           Conj/Ice/Air   ###.......   99%         6    ######.
 Iron Shot                Conj/Erth      ##........   100%        6    ######.
 Orb of Destruction       Conj           ###.......   100%        7    #######
 Ring of Flames           Chrm/Fire      #.........   100%        7    #######
 Spellforged Servitor     Conj/Summ      ####......   100%        7    #######
 Tornado                  Air            ####......   100%        9    #######


Dungeon Overview and Level Annotations

Branches:
Dungeon (12/15)            Temple (1/1) D:5            Lair (6/6) D:8
  Swamp (1/4) Lair:4        Snake (0/4) Lair:3          Orc (0/2) D:12
Ossuary (visited)         Volcano (1/1)
  Slime: Lair:5-6

Altars:
Ashenzari
Cheibriados
Dithmenos
Elyvilon
Fedhas
Gozag
Hepliaklqana
Kikubaaqudgha
Makhleb
Nemelex Xobeh
Okawaru
Qazlal
Ru
Sif Muna
Trog
Uskayaw
Vehumet
Wu Jian
Xom
Yredelemnul
Zin
The Shining One

Shops:
D:4 (   D:11 (

Annotations:
D:2 Terence
D:3 1 runed translucent door


Innate Abilities, Weirdness & Mutations

You have a pair of antennae on your head.
A demonic guardian rushes to your aid.
You regenerate a lot of health from kills.
When seriously injured, your bleeding wounds create armour. (AC +6)
You have large cloven feet.
You possess an exceptional clarity of mind.
Your flesh is heat resistant. (rF+)


Message History

Your sixfirhy shocks the red devil!
You slash the hell hound! You freeze the hell hound.
You kill the hell hound!
You slash the sun demon! You freeze the sun demon.
Your sixfirhy closely misses the red devil. x3
The sun demon hits you!!
* * * LOW HITPOINT WARNING * * *
You are engulfed in flames!
You resist.
* * * LOW HITPOINT WARNING * * *
The red devil misses you.
You can now pass through a line of other dancers.
Okay, then.
Casting: Regeneration (slightly dangerous; 36% risk of failure)
Confirm with . or Enter, or press ? or * to list all spells.
Aiming: Summon Lightning Spire (safe; 10% risk of failure)
Press: ? - help, Dir - move target cursor, p - red devil An electric hum fills the air.
The sun demon hits you.
* * * LOW HITPOINT WARNING * * *
You are engulfed in flames!
You resist.
You die...

....... ≈≈≈≈.....### #
§§≈§≈≈.....## °##
≈§§≈≈≈§≈.... #°°#
≈§§≈≈≈§....## #≈≈§##
§§≈≈≈§§..... #§≈§≈§#
§§≈≈≈§....### ≈4.)§§#
§§≈≈........#####3(![§#
.....§...###..##@8.$$#
#.##.#..## ###..3#.$##
#.##### ##### ##
#.#∩#.# ###....#
#...§∩.# #≈§≈..≈≈≈#
##≈≈.≈≈§## ##≈§≈≈##


You could see a sun demon, a red devil, a friendly sixfirhy and a friendly
lightning spire.

Vanquished Creatures
  Gastronok (Lair:2)
  Harold (D:10)
  A cyclops (D:12)
  2 elephants (Lair:3)
  2 spiny frogs
  A gargoyle (D:10)
  3 komodo dragons
  A rime drake (Lair:4)
  A troll (D:12)
  A hornet (D:10)
  3 hippogriffs
  A shadow (D:12)
  A vampire (D:12)
  11 yaks
  The ghost of mortelune the Skirmisher, an amateur DsAK of Lugonu (D:3)
  A hungry ghost (D:11)
  A hell hound (Volcano)
  2 nagas (Lair:3)
  9 water moccasins
  5 porcupines
  3 ice beasts
  4 sky beasts
  2 phantoms
  5 orc warriors
  A necrophage (D:12)
  13 ogres
  An eye of draining (D:10)
  A wolf (Lair:1)
  6 crocodiles
  14 centaurs
  2 big kobolds
  11 bullfrogs
  Dowan (D:7)
  5 scorpions
  2 wights (D:10)
  3 killer bees (D:11)
  6 howler monkeys
  A centaur zombie (D:12)
  7 crimson imps
  6 hounds
  A quasit (D:9)
  2 bullfrog zombies (D:12)
  A jelly (D:7)
  5 orc priests
  Crazy Yiuf (D:3)
  2 bullfrog skeletons
  13 orc wizards
  A centaur skeleton (D:11)
  3 iguanas
  A hell rat (Lair:6)
  7 worker ants
  A statue (D:6)
  A hound skeleton (D:6)
  4 mummies (Ossuary)
  Robin (D:3)
  10 adders
  A howler monkey skeleton (D:11)
  2 shadow imps
  2 oozes
  3 adder zombies
  2 worms
  5 dart slugs
  3 leopard geckos
  51 orcs
  A ball python (D:4)
  9 giant cockroaches
  2 gnoll zombies (Ossuary)
  16 goblins
  9 hobgoblins
  11 jackals
  23 kobolds
  5 quokkas
  5 bats
  4 frilled lizards
  2 hobgoblin zombies (Ossuary)
  A kobold zombie (Ossuary)
  2 leopard gecko skeletons
  A leopard gecko zombie (D:9)
  3 orc zombies (Ossuary)
  6 rats
366 creatures vanquished.

Vanquished Creatures (collateral kills)
  A fire dragon (D:10)
  2 hydras
  A centaur warrior (D:10)
  A tengu warrior (D:11)
  5 two-headed ogres
  Nergalle (Lair:3)
  Pikel (D:7)
  4 elephants (Lair:3)
  A centaur zombie (D:11)
  A black mamba (Lair:1)
  A gargoyle (D:11)
  A centaur skeleton (D:10)
  2 spiny frogs (Lair:3)
  3 komodo dragons
  2 trolls
  2 hippogriffs
  7 blink frogs (Lair:6)
  Sigmund (D:3)
  15 yaks
  A shadow (D:10)
  2 wyverns
  A basilisk (Lair:6)
  Duvessa (D:7)
  3 orc warriors
  A porcupine (Lair:1)
  2 slaves (D:7)
  An ice beast (D:5)
  3 wolves (Lair:1)
  3 centaurs
  2 crocodiles
  A big kobold (D:10)
  A bullfrog (Lair:4)
  A wyvern zombie (D:11)
  2 scorpions
  2 howler monkeys (D:4)
  A crimson imp (D:10)
  2 bullfrog zombies (D:10)
  A quasit (D:10)
  2 hounds
  2 orc wizards
  5 hell rats (Lair:6)
  2 worker ants
  4 mummies (Ossuary)
  3 adders
  2 shadow imps
  9 orcs
  A kobold (D:10)
  A fungus (Lair:6)
114 creatures vanquished.

Vanquished Creatures (others)
  An unseen horror (D:12)
  A slave (D:7)
  2 worker ants (D:7)
  3 fungi
  A plant (Lair:2)
8 creatures vanquished.

Grand Total: 488 creatures vanquished

Notes
Turn   | Place    | Note
-------+----------+-------------------------------------------
     0 | D:1      | Esekla the Demonspawn Enchanter began the quest for the
                  | Orb.
     0 | D:1      | Reached XP level 1. HP: 13/13 MP: 3/3
   268 | D:1      | Reached skill level 1 in Fighting
   268 | D:1      | Reached skill level 1 in Short Blades
   318 | D:1      | Gained mutation: You regenerate a little health from kills.
                  | [demonic ancestry]
   318 | D:1      | Reached XP level 2. HP: 19/21 MP: 5/5
   896 | D:2      | Gained mutation: A weak demonic guardian rushes to your
                  | aid. [demonic ancestry]
   896 | D:2      | Reached XP level 3. HP: 13/27 MP: 6/6
   901 | D:2      | Learned a level 3 spell: Dazzling Spray
  1204 | D:2      | Found a glowing silver altar of Zin.
  1650 | D:1      | Gained mutation: You have a pair of small antennae on your
                  | head. [demonic ancestry]
  1650 | D:1      | Reached XP level 4. HP: 33/33 MP: 7/7
  1705 | D:2      | Noticed Terence
  1818 | D:2      | Found a shadowy altar of Dithmenos.
  2454 | D:3      | Noticed Sigmund
  2715 | D:4      | Gained mutation: When seriously injured, your bleeding
                  | wounds create armour. (AC +6) [demonic ancestry]
  2715 | D:4      | Reached XP level 5. HP: 35/39 MP: 8/8
  2798 | D:4      | Noticed a phantom
  2810 | D:4      | Reached skill level 1 in Conjurations
  2886 | D:4      | Killed a phantom
  2886 | D:4      | Reached skill level 1 in Polearms
  2886 | D:4      | Reached XP level 6. HP: 45/46 MP: 4/9
  2911 | D:4      | Found a sand-covered staircase.
  2923 | Ossuary  | Entered an ossuary
  3352 | Ossuary  | Learned a level 3 spell: Tukima's Dance
  3418 | D:4      | You fall into a shaft and drop 2 floors!
  3608 | D:6      | Noticed an orc warrior
  3630 | D:6      | HP: 1/47 [orc warrior/+0 war axe (8)]
  3639 | D:6      | Killed an orc warrior
  3639 | D:6      | Reached skill level 1 in Armour
  3639 | D:6      | Gained mutation: You have a pair of antennae on your head.
                  | [demonic ancestry]
  3639 | D:6      | Reached XP level 7. HP: 22/52 MP: 8/11
  3835 | D:5      | Entered Level 5 of the Dungeon
  3924 | D:5      | Found a staircase to the Ecumenical Temple.
  4045 | D:6      | Found a bloodstained altar of Trog.
  4227 | D:6      | Found a basalt altar of Yredelemnul.
  4688 | D:5      | Gained mutation: A demonic guardian rushes to your aid.
                  | [demonic ancestry]
  4688 | D:5      | Reached XP level 8. HP: 42/58 MP: 13/13
  4831 | D:5      | Found a blossoming altar of Fedhas.
  5278 | D:4      | Found Illo's Antique Weapon Shoppe.
  5407 | D:4      | Found a shimmering blue altar of Sif Muna.
  5550 | D:3      | Found a runed translucent door.
  5551 | D:3      | Noticed Crazy Yiuf
  5594 | D:3      | Killed Sigmund
  5672 | D:3      | Reached skill level 5 in Polearms
  5701 | D:3      | Found a white marble altar of Elyvilon.
  5702 | D:3      | Found a runed translucent door.
  5702 | D:3      | Noticed an angel
  5733 | D:3      | Noticed Robin
  5753 | D:3      | Killed Robin
  5871 | D:3      | Found a large runed translucent door.
  5871 | D:3      | Found a large runed translucent door.
  5871 | D:3      | Noticed mortelune's ghost (amateur DsAK)
  6079 | D:4      | Bought a slimy long sword for 229 gold pieces
  6079 | D:4      | Identified the +5 long sword "Gram" {drain, +Fly Str-4
                  | Dex+2 Stlth+} (You bought it in a shop on level 4 of the
                  | Dungeon)
  6148 | D:3      | Killed Crazy Yiuf
  6285 | D:3      | Killed mortelune's ghost
  6762 | Temple   | Entered the Ecumenical Temple
  6854 | Temple   | Became a worshipper of Uskayaw the Reveler
  7188 | D:6      | Reached * piety under Uskayaw
  7193 | D:6      | Gained mutation: You are frail. (-10% HP) [potion of
                  | mutation]
  7193 | D:6      | Gained mutation: Your muscles are strong. (Str +2) [potion
                  | of mutation]
  7194 | D:6      | Lost mutation: You are frail. (-10% HP) [potion of
                  | mutation]
  7194 | D:6      | Lost mutation: Your muscles are strong. (Str +2) [potion of
                  | mutation]
  7194 | D:6      | Gained mutation: Your flesh is heat resistant. (rF+)
                  | [potion of mutation]
  7194 | D:6      | Gained mutation: You possess an exceptional clarity of
                  | mind. [potion of mutation]
  7194 | D:6      | Gained mutation: You have large cloven feet. [potion of
                  | mutation]
  7295 | D:6      | Learned a level 4 spell: Summon Lightning Spire
  7367 | D:6      | Reached ** piety under Uskayaw
  7369 | D:6      | Gained mutation: You regenerate health from kills. [demonic
                  | ancestry]
  7369 | D:6      | Reached XP level 9. HP: 65/65 MP: 15/15
  7380 | D:6      | Reached *** piety under Uskayaw
  7615 | D:6      | Found an ornate altar of the Wu Jian Council.
  7657 | D:6      | Found a radiant altar of Vehumet.
  7680 | D:6      | Reached **** piety under Uskayaw
  7979 | D:7      | Noticed Dowan
  7980 | D:7      | Noticed Duvessa
  7993 | D:7      | Killed Duvessa
  7993 | D:7      | Reached skill level 1 in Summonings
  7999 | D:7      | Killed Dowan
  7999 | D:7      | Reached skill level 1 in Air Magic
  8014 | D:7      | Noticed Pikel
  8029 | D:7      | Killed Pikel
  8128 | D:7      | Found a shimmering altar of Xom.
  8128 | D:7      | Found a shimmering altar of Xom.
  8129 | D:7      | Found a shimmering altar of Xom.
  8143 | D:7      | Found a shimmering altar of Xom.
  8153 | D:7      | Found a shimmering altar of Xom.
  8186 | D:7      | Found a shimmering altar of Xom.
  9077 | D:8      | Found a staircase to the Lair.
  9354 | Lair:1   | Entered Level 1 of the Lair of Beasts
  9397 | Lair:1   | Noticed a black mamba
  9403 | Lair:1   | Killed a black mamba
  9403 | Lair:1   | Gained mutation: You regenerate a lot of health from kills.
                  | [demonic ancestry]
  9403 | Lair:1   | Reached XP level 10. HP: 48/73 MP: 16/16
  9479 | Lair:1   | Reached ***** piety under Uskayaw
 10019 | D:9      | Noticed a two-headed ogre
 10025 | D:9      | Killed a two-headed ogre
 10025 | D:9      | Reached skill level 5 in Fighting
 10034 | D:9      | Found a shimmering blue altar of Sif Muna.
 10034 | D:9      | Noticed a two-headed ogre
 10037 | D:9      | Killed a two-headed ogre
 10210 | D:8      | Learned a level 2 spell: Poisonous Vapours
 10214 | D:8      | Learned a level 3 spell: Mephitic Cloud
 10293 | D:9      | Found a snail-covered altar of Cheibriados.
 10299 | D:9      | Found a shattered altar of Ashenzari.
 10299 | D:9      | Found an ancient bone altar of Kikubaaqudgha.
 10698 | D:10     | Entered Level 10 of the Dungeon
 10878 | D:11     | Noticed a two-headed ogre
 10885 | D:11     | Reached skill level 5 in Armour
 10899 | D:11     | Killed a two-headed ogre
 10899 | D:11     | Reached skill level 1 in Poison Magic
 10947 | D:11     | Noticed a gargoyle
 10955 | D:11     | Killed a gargoyle
 11042 | D:11     | Found Ygaginie's Antique Weapon Shoppe.
 11051 | D:11     | Reached skill level 1 in Axes
 11053 | D:11     | Reached XP level 11. HP: 79/80 MP: 18/18
 11056 | D:11     | Reached skill level 5 in Spellcasting
 11060 | D:11     | Reached ****** piety under Uskayaw
 11434 | D:11     | Noticed a five-headed hydra
 11446 | D:11     | Killed a five-headed hydra
 11472 | D:11     | Reached skill level 5 in Dodging
 11704 | D:11     | Noticed a tengu warrior
 11712 | D:11     | Killed a tengu warrior
 11865 | D:10     | Noticed a fire dragon
 12002 | D:10     | Noticed a centaur warrior
 12004 | D:10     | Noticed Harold
 12010 | D:10     | Killed a centaur warrior
 12010 | D:10     | Reached skill level 5 in Summonings
 12029 | D:10     | Killed Harold
 12057 | D:10     | Killed a fire dragon
 12057 | D:10     | Reached skill level 5 in Axes
 12528 | D:10     | Got a pitted pewter amulet
 12530 | D:10     | Identified Sif Muna's Collected Works on Cloudy Hexes
 12533 | D:10     | Identified the amulet of Qoiggoonk {Reflect *Slow rN+ MR+
                  | SH+3 SInv} (You found it on level 10 of the Dungeon)
 12791 | D:12     | Noticed a two-headed ogre
 12798 | D:12     | Killed a two-headed ogre
 12840 | D:12     | HP: 1/81 [komodo dragon (25)]
 12845 | D:12     | Reached skill level 5 in Air Magic
 12964 | D:12     | Noticed a two-headed ogre
 12972 | D:12     | Killed a two-headed ogre
 12972 | D:12     | Reached XP level 12. HP: 88/88 MP: 20/20
 12976 | D:12     | Found a stormy altar of Qazlal.
 13249 | D:12     | Found a staircase to the Orcish Mines.
 13821 | Lair:2   | Reached skill level 1 in Shields
 13907 | Lair:2   | Noticed Gastronok
 14054 | Lair:2   | Killed Gastronok
 14278 | Lair:2   | Got a translucent hand axe
 14279 | Lair:2   | Identified the +8 hand axe of Embarrassment {venom, rC-
                  | MR++ Str+4 Stlth+} (You found it on level 2 of the Lair of
                  | Beasts)
 14902 | Lair:3   | Found a staircase to the Snake Pit.
 14997 | Lair:3   | Noticed Nergalle
 15004 | Lair:3   | Killed Nergalle
 15346 | Lair:4   | Found a staircase to the Swamp.
 16055 | Lair:4   | Learned a level 3 spell: Regeneration
 16098 | Lair:4   | Learned a level 4 spell: Olgreb's Toxic Radiance
 16166 | Swamp:1  | Entered Level 1 of the Swamp
 16222 | Lair:4   | You fall into a shaft and drop 2 floors!
 16222 | Lair:6   | Entered Level 6 of the Lair of Beasts
 16227 | Lair:6   | Noticed a four-headed hydra
 16267 | Lair:6   | Killed a four-headed hydra
 16296 | Lair:6   | Reached XP level 13. HP: 94/95 MP: 16/23
 16490 | Lair:6   | Found a dark tunnel.
 16529 | Lair:6   | Identified a scroll of acquirement
 16531 | Lair:6   | Got a dazzling hat
 16542 | Lair:6   | Identified the +0 hat of Gysolid {rC+ Int+4} (You acquired
                  | it on level 6 of the Lair of Beasts)
 16560 | Volcano  | Entered a volcano
 16590 | Volcano  | HP: 4/95 [sun demon (6)]
 16590 | Volcano  | Slain by a sun demon

Levels and vault maps discovered:
D:1:      zaba_arrival_water, layout_basic, serial_glass, glass_columns_b,
          glass_columns_b
D:2:      layout_loops_ring, chequers_temple_overflow_statue_of_worship,
          uniq_terence
D:3:      layout_basic, ebering_ghost_disaster_area, lemuel_angel_altar,
          uniq_sigmund, uniq_crazy_yiuf_cottage, uniq_robin
D:4:      layout_rooms, lemuel_round_altar, serial_shops,
          nicolae_shop_behind_doors, first_ration, nicolae_ossuary_entry_plus
D:5:      layout_gridville, fedhas_altar_2, temple_fountains, minmay_pentangle
D:6:      layout_loops_corners, vehumet_statue, lemuel_coloured_pillars_altar,
          nicolae_overflow_crystal_walls, trog_butcher_becter
D:7:      layout_gridville, xom_redecorated, uniq_pikel, uniq_duvessa
D:8:      layout_loops_ring, lair_entry_dummy
D:9:      layout_loops_ring, minitemple, basic_altar
D:10:     minmay_the_grid_net [minmay_the_grid_diamond_grid, minmay_the_grid_x,
          minmay_the_grid_dragon_b, minmay_the_grid_minigrid_small,
          minmay_the_grid_plusring, minmay_the_grid_prize_trominoes],
          layout_cross, enter_bailey_2, uniq_harold
D:11:     layout_irregular_city, serial_shops, shop, grunt_tengu_nest
D:12:     layout_loops_ring, orc_0_dummy, special_room [special_room_orc],
          nicolae_qazlal_eye_of_the_storm
Temple:   jpeg_temple_clearing
Lair:1:   layout_misc_corridors, beast_lair_carwin_1, grunt_megastairs_2
Lair:2:   layout_chaotic_city, chequers_serial_rivers_micro_d,
          beast_lair_carwin_3, uniq_gastronok
Lair:3:   layout_layer_cave, guppyfry_snake_entry_island, uniq_nergalle
Lair:4:   layout_cave_pods, swamp_mist, grunt_megastairs_5
Lair:6:   guppyfry_lair_end_dragon, layout_long_grid, wormcave,
          nicolae_volcano_entry_two_sided, lemuel_fruit_tree
Swamp:1:  layout_basic_swamp, nicolae_swamp_little_tower,
          cheibrodos_swamp_minitomb
Volcano:  volcano_pools

Skill      XL: |  1  2  3  4  5  6  7  8  9 10 11 12 |
---------------+-------------------------------------+-----
Fighting       | 1 2 3 4 5 6 |  6.7
Short Blades   | 1 2 3 |  3.1
Dodging        | 2 3 4 5 |  5.5
Conjurations   | 1 2 3 4 |  4.0
Polearms       | 1 2 3 5 7 8 |  8.9
Armour         | 1 3 5 |  5.3
Spellcasting   | 3 4 5 6 |  6.7
Summonings     | 2 4 5 6 |  6.8
Air Magic      | 3 4 5 |  5.9
Poison Magic   | 1 3 4 |  4.4
Axes           | 1 5 8 |  8.6
Shields        | 2 |  2.8
Long Blades    | |  0.1
Stealth        | |  2.6
Hexes          | |  3.8

Action                   |  1- 3 |  4- 6 |  7- 9 | 10-12 | 13-15 || total
-------------------------+-------+-------+-------+-------+-------++-------
Melee: Dagger            |   185 |   104 |       |       |       ||   289
       Trident           |       |   108 |   511 |   140 |       ||   759
       Long sword        |       |       |     6 |       |       ||     6
       Kick              |       |       |    36 |   255 |     2 ||   293
       War axe           |       |       |       |   770 |    17 ||   787
       Battleaxe         |       |       |       |    29 |     6 ||    35
       Hand axe          |       |       |       |     6 |       ||     6
Throw: Dart              |     4 |    13 |     4 |     9 |       ||    30
       Boomerang         |       |       |       |     6 |       ||     6
 Cast: Dazzling Spray    |       |     4 |    10 |    22 |     1 ||    37
       Mephitic Cloud    |       |       |       |     7 |       ||     7
       Summon Lightning  |       |       |       |     9 |     2 ||    11
       Poisonous Vapours |       |       |       |    13 |       ||    13
       Corona            |       |       |       |     2 |       ||     2
       Regeneration      |       |       |       |     1 |     1 ||     2
  Use: Potion            |     3 |     1 |     2 |     4 |     3 ||    13
       Scroll            |       |    14 |     5 |    16 |     4 ||    39
 Stab: Sleeping          |     5 |       |     7 |     4 |       ||    16
       Invisible         |     1 |       |     6 |    10 |       ||    17
       Distracted        |       |     3 |     1 |     5 |       ||     9
       Paralysed         |       |       |     5 |    64 |       ||    69
       Confused          |       |       |       |     4 |       ||     4
  Eat: Chunk             |     3 |     4 |    18 |    25 |       ||    50
       Ration            |       |     1 |       |     1 |     1 ||     3
Armor: Robe              |    42 |     1 |       |       |       ||    43
       Skin              |     3 |       |       |       |       ||     3
       Ring mail         |       |    57 |   192 |    64 |       ||   313
       Troll leather arm |       |       |       |   342 |    11 ||   353
Dodge: Dodged            |    94 |    99 |   265 |   721 |    44 ||  1223
Block: Other             |       |       |       |    75 |     3 ||    78
       Reflection        |       |       |       |     2 |       ||     2
       Rpst.: Long sword |       |       |     1 |       |       ||     1
